 Dungeon Crawl Stone Soup version 0.23.2-40-g277498a001 (webtiles) character file.

Game seed: 5875898851847279056

363 VileCrust the Covert (level 6, -1/48 HPs)
             Began as a Vampire Assassin on Aug 20, 2019.
             Was an Initiate of Dithmenos.
             Slain by an ogre
             ... wielding a +0 giant club
              (10 damage)
             ... on level 5 of the Dungeon.
             The game lasted 00:22:38 (5619 turns).

VileCrust the Covert (Vampire Assassin)             Turns: 5619, Time: 00:22:38

Health: -1/48      AC:  2    Str: 10    XL:     6   Next: 39%
Magic:  6/6        EV: 13    Int: 13    God:    Dithmenos [......]
Gold:   210        SH:  0    Dex: 18    Spells: 5/5 levels left

rFire    + . .     SeeInvis +   j - +4 dagger
rCold    + + .     Gourm    .   (no shield)
rNeg     + + .     Faith    .   c - +0 robe
rPois    +         Spirit   .   (no helmet)
rElec    .         Reflect  .   n - scarf {rC+ rF+}
rCorr    .         Harm     .   (no gloves)
MR       +....                  (no boots)
Stlth    +++++.....             (no amulet)
HPRegen  0.08/turn              m - ring of protection from magic
MPRegen  0.10/turn              (no ring)

@: regenerating slowly
A: fangs 3, see invisible, unbreathing
a: Bat Form, Renounce Religion


You were on level 5 of the Dungeon.
You worshipped Dithmenos.
Dithmenos was noncommittal.
You were near bloodless.

You visited 1 branch of the dungeon, and saw 5 of its levels.

You collected 210 gold pieces.

Inventory:

Hand Weapons
 b - a +0 blowgun
 j - a +4 dagger (weapon)
 l - a +3 dagger
 t - a +0 club
Missiles
 e - 21 poisoned needles
 f - 2 curare-tipped needles
 s - 6 needles of confusion
Armour
 a - a +0 cloak
 c - a +0 robe (worn)
 d - a +0 cloak
 n - a scarf of resistance (worn)
Jewellery
 m - a ring of protection from magic (left hand)
 p - an uncursed ring of flight {unknown}
Scrolls
 h - a scroll of amnesia {unknown}
 i - 2 scrolls of teleportation
 k - 4 scrolls of remove curse
 o - 4 scrolls of identify
 q - 2 scrolls of magic mapping
Potions
 g - 11 potions of blood
 r - a potion of might
 u - a potion of curing


   Skills:
 * Level 3.8 Fighting
 + Level 3.5 Short Blades
 - Level 1.5 Throwing
 + Level 2.9 Dodging
 * Level 8.5 Stealth


You had 5 spell levels left.
You didn't know any spells.
Your spell library was empty.

Dungeon Overview and Level Annotations

Branches:
Dungeon (5/15)             Temple (0/1) D:4

Altars:
Cheibriados
Dithmenos
Elyvilon
Okawaru
Ru
Yredelemnul
The Shining One


Innate Abilities, Weirdness & Mutations

You heal slowly.
You have razor-sharp teeth.
You have supernaturally acute eyesight. (SInv)
You can survive without breathing.


Message History

You see here an iguana corpse.
You bottle the corpse's blood.
g - 11 potions of blood (gained 1)
Found 6 needles of confusion.
s - 6 needles of confusion
Found a dagger.
An ogre comes into view. It is wielding a +0 giant club.
The ogre shouts!
The ogre hits you with a +0 giant club!!
Ouch! That really hurt!
You barely miss the ogre. The ogre misses you.
You barely miss the ogre. Your bite misses the ogre. You closely miss the ogre.
The ogre hits you with a +0 giant club!
* * * LOW HITPOINT WARNING * * *
You puncture the ogre!
The ogre is moderately wounded.
You hit the ogre but do no damage.
The ogre is moderately wounded.
The ogre hits you with a +0 giant club!
You die...

#........
#..........#...###.##.#
%.............).......#
#....##.#
#...........## .....##
# #...........#
......### ##...........
...##.#.###.........##
.#.#.....##..........#
.#......[#......@O...#
###....#...#....###.##
#....#...##...# .#
##.....####...... ..
#...##............ ..
#....##....####.... ..
##...# .##..# ..## .
##..# .##..# ... ####
.. #


You could see an ogre.

Vanquished Creatures
  2 orc priests (D:4)
  2 hounds (D:4)
  A bullfrog skeleton (D:4)
  An iguana (D:5)
  A worker ant (D:4)
  A hound skeleton (D:4)
  2 adders
  4 gnolls (D:3)
  5 dart slugs
  6 leopard geckos
  7 orcs
  6 giant cockroaches
  6 hobgoblins
  A jackal (D:1)
  7 kobolds
  A quokka (D:2)
  3 ball pythons
  6 bats
  A frilled lizard (D:2)
  7 goblins
  A jackal zombie (D:5)
  8 rats
79 creatures vanquished.

Notes
Turn   | Place    | Note
-------+----------+-------------------------------------------
     0 | D:1      | VileCrust the Vampire Assassin began the quest for the Orb.
     0 | D:1      | Reached XP level 1. HP: 16/16 MP: 1/1
    81 | D:1      | Reached skill level 6 in Stealth
   344 | D:1      | Reached XP level 2. HP: 15/22 MP: 2/2
   845 | D:1      | Reached XP level 3. HP: 23/28 MP: 3/3
  2499 | D:2      | Found a shadowy altar of Dithmenos.
  2541 | D:2      | Became a worshipper of Dithmenos the Shadowed
  2612 | D:2      | Found a basalt altar of Yredelemnul.
  2612 | D:2      | Found an iron altar of Okawaru.
  2699 | D:3      | Reached XP level 4. HP: 34/34 MP: 4/4
  2702 | D:3      | Reached skill level 7 in Stealth
  3258 | D:3      | Found a white marble altar of Elyvilon.
  3597 | D:3      | Found a snail-covered altar of Cheibriados.
  3630 | D:3      | Reached XP level 5. HP: 41/41 MP: 5/5
  4414 | D:4      | Found a sacrificial altar of Ru.
  4655 | D:4      | Found a staircase to the Ecumenical Temple.
  4692 | D:4      | Reached skill level 8 in Stealth
  4697 | D:4      | Reached XP level 6. HP: 45/47 MP: 6/6
  5406 | D:4      | Found a glowing golden altar of the Shining One.
  5547 | D:5      | Entered Level 5 of the Dungeon
  5619 | D:5      | Slain by an ogre

Skill      XL: |  1  2  3  4  5 |
---------------+----------------+-----
Stealth        | 6 7 8 |  8.5
Fighting       | 2 3 |  3.8
Dodging        | 2 |  2.9
Short Blades   | 3 |  3.5
Throwing       | |  1.5

Action                   |  1- 3 |  4- 6 || total
-------------------------+-------+-------++-------
Melee: Dagger            |   109 |    94 ||   203
       Bite              |     4 |     6 ||    10
  Use: Scroll            |     6 |     4 ||    10
       Potion            |     4 |     7 ||    11
 Stab: Sleeping          |     9 |    14 ||    23
Armor: Robe              |    15 |    15 ||    30
Dodge: Dodged            |    58 |    46 ||   104
